[Event "Team 45 45 League T91"]
[Site "Internet Chess Club"]
[Date "2022.02.11"]
[Round "5"]
[White "tightfist"]
[Black "keithuws"]
[Result "1-0"]
[WhiteElo "1445"]
[BlackElo "1145"]
[Opening "Réti opening"]
[ECO "A04"]
[Time "17:03:17"]
[PlyCount "63"]
[TimeControl "2700+45"]

1. Nf3 g6 2. d4 Bg7 3. e4 d6 4. Bc4 c6 5. O-O d5 6. exd5 cxd5 7. Bb3 Nf6 8. c3
O-O 9. Bf4 Qb6 10. Qc1 Bg4 11. Ne5 Nbd7 12. Nxg4 Nxg4 13. Bxd5 Ngf6 14. Bf3 Rfe8
15. Na3 Rac8 16. Nc2 e5 17. dxe5 Nxe5 18. Bxe5 Rxe5 19. Ne3 Rd8 20. Nc4 Qe6 21.
Nxe5 Qxe5 22. Re1 Qc7 23. Qe3 Nd7 24. Qxa7 Be5 25. Qxb7 Bxh2+ 26. Kh1 Qxb7 27.
Bxb7 Bb8 28. Rad1 Bc7 29. Bc6 Nf6 30. Rxd8+ Bxd8 31. a4 Ng4 32. Re8+ {Black
resigns} 1-0

[Event "Team 45 45 League T91"]
[Site "Internet Chess Club"]
[Date "2022.02.13"]
[Round "5"]
[White "natalieH"]
[Black "kingphisch"]
[Result "0-1"]
[WhiteElo "1101"]
[BlackElo "1303"]
[Opening "Bird: From gambit"]
[ECO "A02"]
[Time "14:08:13"]
[PlyCount "110"]
[TimeControl "2700+45"]

1. f4 e5 2. Nf3 exf4 3. d4 d5 4. Bxf4 Nf6 5. Nc3 Nc6 6. e3 Be7 7. Qd2 O-O 8.
O-O-O Bf5 9. g3 Rc8 10. Bg2 a6 11. Ne5 Re8 12. Nxc6 bxc6 13. h3 Bd6 14. Rhf1 Bg6
15. Bf3 Bxf4 16. gxf4 Qd7 17. Na4 Qe7 18. Rde1 Ne4 19. Qg2 Qb4 20. Nc5 Nxc5 21.
dxc5 Qxc5 22. Bg4 Rb8 23. f5 Rxe3 24. fxg6 hxg6 25. Qf2 Rxe1+ 26. Qxe1 Qb5 27.
Qc3 Qxf1+ 28. Bd1 Qf4+ 29. Kb1 Qb4 30. Qxb4 Rxb4 31. c3 Rh4 32. a4 Rxh3 33. Bg4
Rg3 34. Bd7 f5 35. Bxc6 f4 36. Bxd5+ Kh7 37. Kc2 f3 38. Bxf3 Rxf3 39. Kb3 Rd3
40. Kb4 Rd6 41. Ka5 g5 42. b4 g4 43. c4 g3 44. c5 Rd5 45. Kxa6 g2 46. b5 g1=Q
47. b6 cxb6 48. cxb6 Rd6 49. a5 g5 50. Ka7 Rxb6 51. axb6 Qxb6+ 52. Kxb6 g4 53.
Kc5 g3 54. Kd4 g2 55. Ke3 g1=Q+ {White resigns} 0-1

[Event "Team 45 45 League T91"]
[Site "Internet Chess Club"]
[Date "2022.02.14"]
[Round "5"]
[White "MrAbendroth"]
[Black "fhunfi"]
[Result "1/2-1/2"]
[WhiteElo "1735"]
[BlackElo "1686"]
[Opening "QGD semi-Slav: accelerated Meran (Alekhine variation)"]
[ECO "D45"]
[Time "10:04:43"]
[PlyCount "66"]
[TimeControl "2700+45"]

1. d4 e6 2. Nf3 Nf6 3. c4 c6 4. Nc3 d5 5. e3 a6 6. Be2 Nbd7 7. O-O Bd6 8. cxd5
exd5 9. Re1 O-O 10. Bd3 Re8 11. Qc2 Nf8 12. h3 Ng6 13. Bd2 Bb4 14. Ne2 Bd6 15.
Nf4 Ne4 16. Rad1 Bd7 17. Nxg6 hxg6 18. Bc1 Qf6 19. Rf1 Bxh3 20. Ne1 Bd7 21. Nf3
Bg4 22. Be2 Bxf3 23. Bxf3 Kh7 24. Qe2 Re7 25. g3 Rh8 26. Kg2 Qg5 27. Rh1+ Kg8
28. Rxh8+ Kxh8 29. Rh1+ Kg8 30. Rh3 f5 31. Bxe4 fxe4 32. Rh4 Rf7 33. Qg4 Qxg4
{Game drawn by mutual agreement} 1/2-1/2

[Event "Team 45 45 League T91"]
[Site "Internet Chess Club"]
[Date "2022.02.10"]
[Round "5"]
[White "fireball"]
[Black "evan7284"]
[Result "1-0"]
[WhiteElo "1591"]
[BlackElo "1555"]
[Opening "KGA: double Muzio gambit"]
[ECO "C37"]
[Time "14:34:19"]
[PlyCount "33"]
[TimeControl "2700+45"]

1. e4 e5 2. f4 exf4 3. Nf3 g5 4. Bc4 g4 5. O-O gxf3 6. Qxf3 Qf6 7. e5 Qxe5 8.
Bxf7+ Kxf7 9. d4 Qxd4+ 10. Be3 Qf6 11. Bxf4 Bc5+ 12. Kh1 d6 13. Qh5+ Qg6 14.
Bxd6+ Ke8 15. Qe5+ Kd7 16. Bxc5 Nc6 17. Qd5+ {Black resigns} 1-0

[Event "Team 45 45 League T91"]
[Site "Internet Chess Club"]
[Date "2022.02.10"]
[Round "5"]
[White "gduranko"]
[Black "ChessG2011"]
[Result "1-0"]
[WhiteElo "1495"]
[BlackElo "1444"]
[Opening "Scotch game"]
[ECO "C45"]
[Time "18:31:02"]
[PlyCount "93"]
[TimeControl "2700+45"]

1. e4 e5 2. Nf3 Nc6 3. d4 exd4 4. Nxd4 Bc5 5. Nxc6 dxc6 6. Qxd8+ Kxd8 7. Bc4 Ke7
8. Bd2 Nf6 9. Nc3 Re8 10. f3 Kf8 11. O-O-O b5 12. Bb3 a5 13. a4 Bd7 14. Bf4 Rec8
15. g4 Be6 16. Bxe6 fxe6 17. axb5 cxb5 18. Nxb5 a4 19. Nxc7 Ra7 20. Nxe6+ Ke7
21. Nxc5 Rxc5 22. Be3 Rac7 23. Bxc5+ Rxc5 24. Rd3 g6 25. Rhd1 Rc7 26. Ra3 Ra7
27. Rd4 Ke6 28. Rdxa4 Rxa4 29. Rxa4 Ke5 30. Ra7 Kf4 31. Rf7 Kxf3 32. Rxf6+ Kxe4
33. Rf7 h6 34. Rh7 Kf4 35. Rxh6 Kg5 36. Rxg6+ Kxg6 37. b4 Kg5 38. b5 Kxg4 39. b6
Kh3 40. b7 Kxh2 41. b8=Q+ Kg2 42. Qf4 Kg1 43. Kd2 Kg2 44. Ke2 Kg1 45. Qg4+ Kh2
46. Kf2 Kh1 47. Qh3# {Black checkmated} 1-0

[Event "Team 45 45 League T91"]
[Site "Internet Chess Club"]
[Date "2022.02.10"]
[Round "5"]
[White "smsxman"]
[Black "OGO"]
[Result "1-0"]
[WhiteElo "1375"]
[BlackElo "1223"]
[Opening "Sicilian: closed"]
[ECO "B23"]
[Time "12:00:30"]
[PlyCount "63"]
[TimeControl "2700+45"]

1. e4 c5 2. Nc3 e6 3. Nf3 Nc6 4. Bb5 Nge7 5. O-O a6 6. Bxc6 Nxc6 7. d4 Qc7 8. d5
Ne5 9. Nxe5 Qxe5 10. g3 Qc7 11. Re1 Be7 12. e5 exd5 13. Nxd5 Qc6 14. Bf4 Bd8 15.
b3 O-O 16. c4 b5 17. Qf3 Bb7 18. Qg2 Re8 19. Rad1 bxc4 20. bxc4 Bc7 21. Rb1 Rab8
22. Rbd1 Re6 23. Re3 Rbe8 24. Rde1 Kf8 25. R3e2 f6 26. Qf3 Ba5 27. Rd1 Kg8 28.
Kf1 fxe5 29. Be3 d6 30. Rb1 Qd7 31. Rxb7 Qa4 32. Qf7+ {Black resigns} 1-0

[Event "Team 45 45 League T91"]
[Site "Internet Chess Club"]
[Date "2022.02.13"]
[Round "5"]
[White "Zugzwanged"]
[Black "ElValero"]
[Result "0-1"]
[WhiteElo "1682"]
[BlackElo "1690"]
[Opening "Sicilian: closed"]
[ECO "B23"]
[Time "12:02:08"]
[PlyCount "52"]
[TimeControl "2700+45"]

1. e4 c5 2. Nc3 e6 3. f4 d5 4. Nf3 dxe4 5. Nxe4 Nf6 6. Bb5+ Bd7 7. Bxd7+ Nbxd7
8. d3 Be7 9. Qe2 O-O 10. O-O Qc7 11. Bd2 Rac8 12. b3 Rfe8 13. c4 Rcd8 14. g3 Bf8
15. Nxf6+ gxf6 16. Bc3 Bg7 17. Rad1 Nb8 18. Qb2 Qe7 19. Rfe1 Nc6 20. d4 cxd4 21.
Nxd4 Qc5 22. Kh1 f5 23. Nf3 Bxc3 24. Qxc3 Qf2 25. Ne5 Nxe5 26. Qxe5 Rxd1 {White
resigns} 0-1

[Event "Team 45 45 League T91"]
[Site "Internet Chess Club"]
[Date "2022.02.12"]
[Round "5"]
[White "VictorRed"]
[Black "Electryon"]
[Result "1-0"]
[WhiteElo "1668"]
[BlackElo "1477"]
[Opening "Queen's pawn"]
[ECO "A40"]
[Time "20:02:14"]
[PlyCount "125"]
[TimeControl "2700+45"]

1. d4 e6 2. Nf3 f5 3. Nc3 Bb4 4. Bd2 Nf6 5. e3 O-O 6. Bd3 b6 7. Qe2 Bb7 8. O-O-O
a5 9. Rhe1 Bxc3 10. Bxc3 Ne4 11. Bxe4 Bxe4 12. g3 Nc6 13. Nd2 Bd5 14. a3 Na7 15.
f3 Bc6 16. e4 Nb5 17. Nb1 fxe4 18. fxe4 Qg5+ 19. Bd2 Qf6 20. c3 Qf2 21. Bf4 Qxe2
22. Rxe2 d6 23. c4 Na7 24. Nc3 Rae8 25. Rde1 e5 26. Be3 b5 27. d5 b4 28. Bxa7
Bd7 29. axb4 axb4 30. Nb5 Ra8 31. Be3 Ra1+ 32. Kc2 Rxe1 33. Rxe1 c6 34. Nxd6
cxd5 35. exd5 Ba4+ 36. b3 Bd7 37. Bc5 Ra8 38. Kb2 Bg4 39. Rxe5 h5 40. Re8+ Rxe8
41. Nxe8 Kf7 42. Nd6+ Kf6 43. Bxb4 g5 44. Kc3 Bd1 45. c5 Ke7 46. c6 Kd8 47. Nf7+
Kc7 48. Nxg5 Bg4 49. Ba5+ Kd6 50. c7 Kxd5 51. h3 Bc8 52. Kd3 Bf5+ 53. Ke3 Kc6
54. Kf4 Bc8 55. Ke5 Kb5 56. b4 Kc6 57. Kf6 Bd7 58. Kg6 Be8+ 59. Nf7 Bd7 60. h4
Bg4 61. Ne5+ Kb7 62. Nxg4 hxg4 63. h5 {Black resigns} 1-0

[Event "Team 45 45 League T91"]
[Site "Internet Chess Club"]
[Date "2022.02.10"]
[Round "5"]
[White "tryanything"]
[Black "kabindra"]
[Result "1-0"]
[WhiteElo "1472"]
[BlackElo "1580"]
[Opening "Vienna gambit: Paulsen attack"]
[ECO "C29"]
[Time "17:30:30"]
[PlyCount "101"]
[TimeControl "2700+45"]

1. e4 e5 2. Nc3 Nf6 3. f4 d5 4. fxe5 Nxe4 5. Qf3 Nxc3 6. bxc3 Be7 7. d4 c5 8.
Bd3 cxd4 9. Ne2 dxc3 10. O-O O-O 11. Nxc3 Bc5+ 12. Kh1 Be6 13. Ne2 Nc6 14. Bd2
Nxe5 15. Qg3 Nxd3 16. cxd3 Bd6 17. Bf4 Bxf4 18. Nxf4 Bf5 19. Rac1 Bg6 20. Rc5 d4
21. h4 h6 22. Nh5 Bxh5 23. Rxh5 Rc8 24. Rxh6 Rc6 25. Rh5 Rg6 26. Rg5 Rxg5 27.
hxg5 Qb6 28. Rf6 Qc5 29. Rd6 Qc1+ 30. Kh2 Qe3 31. Rd7 Qe2 32. Rxd4 Qxa2 33. Rh4
Qe6 34. Re4 Qg6 35. Re7 Qh5+ 36. Kg1 Qd1+ 37. Re1 Qh5 38. Re7 Qd1+ 39. Re1 Qb3
40. Re3 a5 41. d4 Qd1+ 42. Kh2 Qxd4 43. Rd3 Qe4 44. Qd6 b5 45. Rd4 Qb1 46. Qb6
b4 47. Qxa5 b3 48. Rb4 Re8 49. Qb5 Re3 50. g6 Qxg6 51. Qb8+ {Black resigns} 1-0

[Event "Team 45 45 League T91"]
[Site "Internet Chess Club"]
[Date "2022.02.13"]
[Round "5"]
[White "WzeroMN"]
[Black "clarinetref"]
[Result "0-1"]
[WhiteElo "1050"]
[BlackElo "1470"]
[Opening "Sicilian: dragon variation"]
[ECO "B70"]
[Time "14:03:45"]
[PlyCount "60"]
[TimeControl "2700+45"]

1. e4 c5 2. Nf3 d6 3. d4 cxd4 4. Nxd4 Nf6 5. Nc3 g6 6. Bb5+ Bd7 7. Bxd7+ Qxd7 8.
O-O Bg7 9. Bg5 h6 10. Bxf6 Bxf6 11. Nd5 Bg7 12. Re1 O-O 13. c3 Nc6 14. Nxc6 bxc6
15. Nf4 Rab8 16. Rb1 Qc7 17. Re3 Rfd8 18. b4 d5 19. exd5 Qxf4 20. Rf3 Qe5 21.
Re3 Qxd5 22. Qxd5 Rxd5 23. Rxe7 Rbd8 24. Ree1 Bxc3 25. Rf1 Rd2 26. g3 Rxa2 27.
Kg2 Rdd2 28. Rbd1 Bxb4 29. Rxd2 Rxd2 30. Rb1 a5 {White resigns} 0-1

[Event "Team 45 45 League T91"]
[Site "Internet Chess Club"]
[Date "2022.02.12"]
[Round "5"]
[White "primerpaso"]
[Black "manfredo"]
[Result "1-0"]
[WhiteElo "1882"]
[BlackElo "1484"]
[Opening "English opening"]
[ECO "A16"]
[Time "13:03:52"]
[PlyCount "69"]
[TimeControl "2700+45"]

1. c4 Nf6 2. Nc3 g6 3. g3 Bg7 4. Bg2 O-O 5. e4 d6 6. Nge2 e5 7. O-O Be6 8. b3 c6
9. h3 Qd7 10. Kh2 Na6 11. d4 Qc8 12. d5 Bd7 13. dxc6 Qxc6 14. Ba3 Nc5 15. f3 Qa6
16. Bb2 b5 17. cxb5 Bxb5 18. Nxb5 Qxb5 19. Nc3 Qa6 20. Qd2 Nd3 21. Rfd1 Nxb2 22.
Qxb2 Rfd8 23. Bf1 Qb6 24. Bc4 Rac8 25. Rd2 Bh6 26. Re2 Be3 27. Na4 Qd4 28. Qb1
d5 29. exd5 Nxd5 30. Qe1 Nc3 31. Qxc3 Qxc3 32. Nxc3 Bd4 33. Rc1 Bxc3 34. Rxc3
Rd1 35. Bxf7+ {Black resigns} 1-0

[Event "Team 45 45 League T91"]
[Site "Internet Chess Club"]
[Date "2022.02.11"]
[Round "5"]
[White "dalmata"]
[Black "BrianWood"]
[Result "1/2-1/2"]
[WhiteElo "1558"]
[BlackElo "1496"]
[Opening "QGD: 4.Bg5 Be7"]
[ECO "D53"]
[Time "14:01:32"]
[PlyCount "50"]
[TimeControl "2700+45"]

1. d4 d5 2. c4 e6 3. Nc3 Nf6 4. Bg5 Be7 5. Nf3 c5 6. e3 cxd4 7. Nxd4 dxc4 8.
Bxc4 Bd7 9. O-O O-O 10. Qc2 h6 11. Bh4 Nc6 12. Nxc6 Bxc6 13. Rfd1 Qc7 14. Bg3
Qa5 15. a3 Rfd8 16. b4 Rxd1+ 17. Nxd1 Bxb4 18. Qb2 Be7 19. Nc3 a6 20. a4 Rd8 21.
f3 Qc5 22. Qe2 Nd5 23. Ne4 Qxe3+ 24. Qxe3 Nxe3 25. Bb3 b5 {Game drawn by mutual
agreement} 1/2-1/2

[Event "Team 45 45 League T91"]
[Site "Internet Chess Club"]
[Date "2022.02.14"]
[Round "5"]
[White "jjmolina1"]
[Black "fvafier"]
[Result "1/2-1/2"]
[WhiteElo "1419"]
[BlackElo "1532"]
[Opening "French defense"]
[ECO "C11"]
[Time "13:59:22"]
[PlyCount "93"]
[TimeControl "2700+45"]

1. e4 e6 2. d4 d5 3. Nc3 Nf6 4. Bg5 h6 5. Bxf6 Qxf6 6. exd5 Bb4 7. Bb5+ c6 8.
dxc6 Nxc6 9. Qf3 Bd7 10. Qxf6 gxf6 11. Ne2 O-O 12. O-O-O a6 13. Ba4 b5 14. Bb3
Na5 15. Ne4 Nxb3+ 16. axb3 Be7 17. Nc5 Bc6 18. Rd3 Rfd8 19. h4 b4 20. Rhd1 Kh7
21. g3 a5 22. Na4 Rac8 23. Nf4 Be4 24. R3d2 Bf3 25. Re1 Rd6 26. Nc5 Bf8 27. Re3
Ba8 28. h5 e5 29. Nfd3 Rxd4 30. Na4 Rd6 31. Ne1 Rxd2 32. Kxd2 Rd8+ 33. Kc1 e4
34. c4 f5 35. f4 Kg7 36. Re2 Kf6 37. Rd2 Rxd2 38. Kxd2 Ke6 39. Nc2 Kd6 40. Nd4
e3+ 41. Kxe3 Be4 42. g4 Bg7 43. Nxf5+ Bxf5 44. gxf5 Bf6 45. Ke4 Kc6 46. c5 Bg7
47. f6 {Game drawn by mutual agreement} 1/2-1/2

[Event "Team 45 45 League T91"]
[Site "Internet Chess Club"]
[Date "2022.02.12"]
[Round "5"]
[White "Denis240964"]
[Black "howah45"]
[Result "1-0"]
[WhiteElo "1394"]
[BlackElo "1180"]
[Opening "QGD semi-Slav: 5...Nd7"]
[ECO "D45"]
[Time "10:30:23"]
[PlyCount "45"]
[TimeControl "2700+45"]

1. d4 c6 2. c4 d5 3. e3 Nf6 4. Nf3 Nbd7 5. Nc3 e6 6. c5 b6 7. b4 a5 8. Ba3 Qc7
9. Be2 Be7 10. O-O e5 11. dxe5 Nxe5 12. Nd4 Neg4 13. Bxg4 Nxg4 14. g3 Ne5 15.
cxb6 Qxb6 16. Na4 Qc7 17. Nc5 axb4 18. Bxb4 Qb6 19. Nd3 Nxd3 20. Bxe7 Bh3 21.
Qxd3 Bxf1 22. Rxf1 Kxe7 23. Rb1 {Black forfeits on time} 1-0

[Event "Team 45 45 League T91"]
[Site "Internet Chess Club"]
[Date "2022.02.14"]
[Round "5"]
[White "jaboti"]
[Black "cadmiumorange"]
[Result "1-0"]
[WhiteElo "1806"]
[BlackElo "1804"]
[Opening "Réti opening"]
[ECO "A04"]
[Time "14:00:32"]
[PlyCount "77"]
[TimeControl "2700+45"]

1. Nf3 d6 2. d4 g6 3. c4 Bg7 4. Nc3 Bg4 5. e3 Nc6 6. Be2 e5 7. d5 Nce7 8. e4 h6
9. O-O f5 10. exf5 gxf5 11. h3 Bh5 12. c5 Nf6 13. cxd6 cxd6 14. Qa4+ Nd7 15. g4
Bf7 16. Nh4 Nxd5 17. Nxf5 O-O 18. Ne4 N5b6 19. Qa3 d5 20. Bxh6 Bxh6 21. Nxh6+
Kh7 22. Nxf7 Rxf7 23. Ng3 Qh4 24. Kh2 Raf8 25. Nf5 Qg5 26. Rac1 e4 27. f4 Qd8
28. Nd4 Rxf4 29. Ne6 Rf2+ 30. Kg1 Rxf1+ 31. Rxf1 Rxf1+ 32. Bxf1 Qf6 33. Qd6 d4
34. g5 Qg6 35. Bb5 e3 36. Qe7+ Kh8 37. Bd3 Qg8 38. Bf5 e2 39. Kf2 {Black
resigns} 1-0

[Event "Team 45 45 League T91"]
[Site "Internet Chess Club"]
[Date "2022.02.12"]
[Round "5"]
[White "walkover"]
[Black "Packerfan"]
[Result "0-1"]
[WhiteElo "1695"]
[BlackElo "1777"]
[Opening "QGD semi-Slav"]
[ECO "D43"]
[Time "10:00:48"]
[PlyCount "98"]
[TimeControl "2700+45"]

1. d4 d5 2. c4 c6 3. Nf3 Nf6 4. Nc3 e6 5. g3 Nbd7 6. Bg2 Bd6 7. Nd2 O-O 8. O-O
Re8 9. e4 dxe4 10. Ndxe4 Bc7 11. Qc2 h6 12. Rd1 Qe7 13. b3 Nxe4 14. Nxe4 Nf6 15.
Bb2 Nxe4 16. Qxe4 Bd7 17. h4 Rad8 18. Re1 Qf6 19. Re2 Qf5 20. Rae1 Qxe4 21. Rxe4
f6 22. f4 Kf7 23. Bh3 Bb6 24. b4 h5 25. Kh2 g6 26. Bf1 a5 27. c5 Bc7 28. bxa5
Bxa5 29. Rb1 Ra8 30. Bc1 Bc8 31. Bc4 Bc3 32. Bb2 Bxb2 33. Rxb2 f5 34. Re5 Ra4
35. Rc2 Rd8 36. d5 exd5 37. Bd3 Re8 38. Rxe8 Kxe8 39. Re2+ Kf7 40. Rb2 Ra5 41.
Rc2 Ke7 42. Kg2 Kd7 43. Kf2 Kc7 44. Ke3 b6 45. Kd4 bxc5+ 46. Rxc5 Rxa2 47. Bf1
Kd6 48. Rc1 Ra3 49. Bb5 Bd7 {White resigns} 0-1

[Event "Team 45 45 League T91"]
[Site "Internet Chess Club"]
[Date "2022.02.10"]
[Round "5"]
[White "ivanson"]
[Black "Timmah4651"]
[Result "0-1"]
[WhiteElo "1598"]
[BlackElo "1639"]
[Opening "French: Tarrasch, open variation"]
[ECO "C07"]
[Time "21:12:55"]
[PlyCount "96"]
[TimeControl "2700+45"]

1. e4 e6 2. d4 d5 3. Nd2 c5 4. exd5 Qxd5 5. Ngf3 Nc6 6. Bc4 Qh5 7. Nb3 cxd4 8.
Nbxd4 Nxd4 9. Qxd4 Qc5 10. Be3 Qxd4 11. Bxd4 Nf6 12. O-O-O Be7 13. Bxf6 Bxf6 14.
Bb5+ Ke7 15. Bd3 b6 16. Be4 Rb8 17. Nd4 Bxd4 18. Rxd4 Bb7 19. Bxb7 Rxb7 20. Rhd1
Rc8 21. b3 Rcc7 22. Kb2 Rd7 23. c4 e5 24. Rd5 Rxd5 25. Rxd5 f6 26. Kc3 Rd7 27.
Rxd7+ Kxd7 28. b4 f5 29. a4 Kd6 30. Kd3 Kc6 31. Ke3 a5 32. bxa5 bxa5 33. f3 Kc5
34. Kd3 Kb4 35. g3 Kxa4 36. Kc3 g6 37. h3 h6 38. h4 e4 39. fxe4 fxe4 40. Kd4 Kb4
41. c5 Kb5 42. Kd5 e3 43. c6 Kb6 44. Kd6 e2 45. c7 e1=Q 46. c8=Q Qxg3+ 47. Ke7
Qe5+ 48. Kf8 Qh8+ {White resigns} 0-1

[Event "Team 45 45 League T91"]
[Site "Internet Chess Club"]
[Date "2022.02.16"]
[Round "5"]
[White "fireball"]
[Black "RD1974"]
[Result "0-1"]
[WhiteElo "1574"]
[BlackElo "1578"]
[Opening "French: Steinitz, Boleslavsky variation"]
[ECO "C11"]
[Time "18:03:46"]
[PlyCount "80"]
[TimeControl "2700+45"]

1. e4 e6 2. d4 d5 3. Nc3 Nf6 4. e5 Nfd7 5. f4 c5 6. Nf3 Nc6 7. Be3 a6 8. Qd2 b5
9. a3 Rb8 10. dxc5 Bxc5 11. Nd4 Nxd4 12. Bxd4 Bxd4 13. Qxd4 Qb6 14. Qxb6 Nxb6
15. Bd3 Bd7 16. g4 Ke7 17. h4 Rhc8 18. O-O Nc4 19. Bxc4 Rxc4 20. Rac1 Rbc8 21.
Rf2 Bc6 22. Ne2 d4 23. c3 dxc3 24. Rxc3 Bd5 25. Kh2 Kd7 26. Ng3 Rxc3 27. bxc3
Rxc3 28. Nh5 Rxa3 29. Nxg7 b4 30. f5 Ra2 31. fxe6+ fxe6 32. Rxa2 Bxa2 33. Nh5 b3
34. Nf6+ Ke7 35. Nxh7 b2 36. Nf6 b1=Q 37. h5 Qb2+ 38. Kh3 Qxe5 39. Ng8+ Kf8 40.
Nh6 Qg5 {White resigns} 0-1

[Event "Team 45 45 League T91"]
[Site "Internet Chess Club"]
[Date "2022.02.14"]
[Round "5"]
[White "room-matt"]
[Black "Goli"]
[Result "1/2-1/2"]
[WhiteElo "1798"]
[BlackElo "1779"]
[Opening "Caro-Kann: Goldman (Spielmann) variation"]
[ECO "B11"]
[Time "14:32:39"]
[PlyCount "100"]
[TimeControl "2700+45"]

1. e4 c6 2. Nc3 d5 3. Qf3 dxe4 4. Nxe4 Nd7 5. d4 Ngf6 6. Bc4 e6 7. Bg5 Be7 8. h4
Nxe4 9. Qxe4 Bxg5 10. hxg5 Qxg5 11. Nf3 Qa5+ 12. c3 Nf6 13. Qf4 Qf5 14. Qxf5
exf5 15. Ng5 O-O 16. O-O Ne4 17. Nxe4 fxe4 18. Rfe1 Bf5 19. Re3 Rfe8 20. Rae1
Kf8 21. a4 a5 22. Kh2 Bg6 23. Kg3 h6 24. b3 Rab8 25. Kf4 Rbd8 26. g4 f6 27. Bf1
Rd7 28. Bg2 Rde7 29. Bxe4 Bf7 30. c4 g5+ 31. Kg3 h5 32. gxh5 Bxh5 33. d5 cxd5
34. cxd5 Rd8 35. Bg2 Rxe3+ 36. Rxe3 Bf7 37. f4 gxf4+ 38. Kxf4 Bg6 39. Rc3 Ke7
40. Re3+ Kf7 41. Re6 Bc2 42. Rb6 Rd7 43. Bh3 Re7 44. d6 Re4+ 45. Kf3 Rb4 46. d7
Ke7 47. Re6+ Kxd7 48. Re2+ Kd6 49. Rxc2 Rxb3+ 50. Kg2 Rb4 {Game drawn by mutual
agreement} 1/2-1/2

[Event "Team 45 45 League T91"]
[Site "Internet Chess Club"]
[Date "2022.02.12"]
[Round "5"]
[White "cityprosecutor"]
[Black "fhunfi"]
[Result "0-1"]
[WhiteElo "1679"]
[BlackElo "1665"]
[Opening "French: King's Indian attack"]
[ECO "C00"]
[Time "20:00:25"]
[PlyCount "70"]
[TimeControl "2700+45"]

1. e4 e6 2. d3 d5 3. Nd2 Nf6 4. g3 Nc6 5. Bg2 dxe4 6. Nxe4 Be7 7. f4 Bd7 8. Nf3
Nxe4 9. dxe4 Bc5 10. Qe2 Qe7 11. Be3 Bxe3 12. Qxe3 Qb4+ 13. c3 Qxb2 14. O-O Qb6
15. Nd4 Nxd4 16. cxd4 O-O 17. Rab1 Qa6 18. f5 exf5 19. exf5 Rfe8 20. Qg5 f6 21.
Qh5 Qxa2 22. Rxb7 Qc4 23. Qg4 a5 24. Qf4 Rac8 25. Rc1 Qd3 26. g4 a4 27. Bf1 Qe4
28. Qxe4 Rxe4 29. Rcxc7 Rxc7 30. Rxc7 Rxg4+ 31. Kf2 Rxd4 32. Ra7 Bxf5 33. Bb5
Bc2 34. Bd7 Bb3 35. h3 g6 {White resigns} 0-1

[Event "Team 45 45 League T91"]
[Site "Internet Chess Club"]
[Date "2022.02.11"]
[Round "5"]
[White "MrAbendroth"]
[Black "scostanzo212"]
[Result "1-0"]
[WhiteElo "1738"]
[BlackElo "1560"]
[Opening "Sicilian: Canal-Sokolsky attack, 3...Bd7"]
[ECO "B52"]
[Time "10:00:52"]
[PlyCount "199"]
[TimeControl "2700+45"]

1. e4 c5 2. Nf3 d6 3. Bb5+ Bd7 4. Bxd7+ Nxd7 5. O-O Ngf6 6. Re1 e6 7. c3 Be7 8.
a4 O-O 9. h3 b6 10. d3 a6 11. Nbd2 b5 12. axb5 axb5 13. Rxa8 Qxa8 14. Nf1 Nb6
15. Ng3 Qa4 16. Qe2 b4 17. Bd2 bxc3 18. bxc3 Qc2 19. Rc1 Qb2 20. Qd1 Nfd7 21.
Rc2 Qb3 22. Qc1 Ra8 23. Rb2 Qa3 24. Qc2 Qa1+ 25. Kh2 Qa3 26. Bc1 Qa4 27. Qd2 Qa5
28. Qc2 Bf6 29. Ne2 Qa4 30. Rb3 Qa2 31. Rb2 Qa4 32. Qb1 Qa1 33. Rxb6 Nxb6 34.
Qxb6 Qa2 35. Qc6 Rd8 36. Bd2 Qc2 37. Nf4 Qb2 38. Qc7 Qb8 39. Qc6 Qb2 40. Ne2 Qc2
41. Qb5 Be5+ 42. g3 Bf6 43. Qc4 Qb2 44. d4 cxd4 45. cxd4 Qb7 46. Qd3 Qa8 47. Bg5
Bxg5 48. Nxg5 e5 49. Qc4 Qb7 50. Qd3 f6 51. Nf3 Qa8 52. d5 Rc8 53. Qe3 Rc2 54.
Ne1 Rb2 55. Nd3 Rb3 56. Nec1 Rc3 57. Qb6 Qf8 58. Qb4 Rc2 59. Qb3 Qc8 60. Qb1 Rc4
61. Kg2 Rxe4 62. Qb6 Qf8 63. Nb4 f5 64. Ncd3 f4 65. g4 f3+ 66. Kg3 Re2 67. Qa7
Rd2 68. Qe3 Re2 69. Qxf3 Qxf3+ 70. Kxf3 Rd2 71. Ke3 Rd1 72. f4 exf4+ 73. Kxf4
Rh1 74. Nf2 Rf1 75. Nd3 Kf7 76. h4 g6 77. g5 Ra1 78. Ne4 Ke7 79. Nf6 Rh1 80. Kg3
Rg1+ 81. Kh2 Rd1 82. Nf4 Rf1 83. Kg3 Rg1+ 84. Ng2 Rd1 85. Kg4 Rg1 86. Kf3 Rd1
87. Nf4 Rh1 88. Nxh7 Rf1+ 89. Kg3 Kf7 90. Nf6 Rg1+ 91. Ng2 Rd1 92. Nf4 Rg1+ 93.
Kf2 Rh1 94. h5 gxh5 95. N6xh5 Rxh5 96. Nxh5 Kg6 97. Ng3 Kxg5 98. Ke3 Kg4 99. Ne4
Kf5 100. Kd4 {Black resigns} 1-0

[Event "Team 45 45 League T91"]
[Site "Internet Chess Club"]
[Date "2022.02.12"]
[Round "5"]
[White "mongmong"]
[Black "DaveTheRook"]
[Result "0-1"]
[WhiteElo "1533"]
[BlackElo "1407"]
[Opening "King's Indian: 6.Be2"]
[ECO "E91"]
[Time "16:01:41"]
[PlyCount "79"]
[TimeControl "2700+45"]

1. d4 Nf6 2. Nf3 d6 3. c4 g6 4. Nc3 Bg7 5. e4 O-O 6. Be2 Nbd7 7. Be3 c6 8. h3
Re8 9. Qc2 e5 10. O-O a6 11. Rac1 Qe7 12. dxe5 dxe5 13. Rfd1 Nf8 14. Rd2 Bd7 15.
Na4 Ne6 16. Rcd1 Nd4 17. Qb1 c5 18. Nc3 Rab8 19. Ne1 b6 20. f3 Nh5 21. Bf1 f5
22. Nd5 Qh4 23. Bf2 Ng3 24. Nc7 Rf8 25. Nxa6 Rbc8 26. Nc2 f4 27. Nxd4 exd4 28.
Bd3 Bxh3 29. Bxg3 Qxg3 30. b4 Bd7 31. Rf1 Be5 32. Qe1 Ra8 33. Qxg3 fxg3 34. b5
Bf4 35. Rb2 Be3+ 36. Kh1 g5 37. Nc7 Rf6 38. Rff2 Rh6+ 39. Kg1 gxf2+ 40. Rxf2
{White resigns} 0-1

[Event "Team 45 45 League T91"]
[Site "Internet Chess Club"]
[Date "2022.02.13"]
[Round "5"]
[White "howah45"]
[Black "xingon"]
[Result "0-1"]
[WhiteElo "1172"]
[BlackElo "1385"]
[Opening "Sicilian: Smith-Morra gambit"]
[ECO "B21"]
[Time "11:13:16"]
[PlyCount "62"]
[TimeControl "2700+45"]

1. e4 c5 2. d4 cxd4 3. c3 dxc3 4. Nxc3 a6 5. Bc4 b5 6. Bb3 Nc6 7. Nf3 d6 8. Ng5
e6 9. Qf3 Ne5 10. Qf4 Nd3+ 11. Ke2 Nxf4+ 12. Bxf4 Be7 13. Nf3 Nf6 14. e5 dxe5
15. Bxe5 O-O 16. Rad1 Qb6 17. Bd4 Qb7 18. Be5 Bd7 19. Rd2 Rfd8 20. Rhd1 Bc6 21.
Bxf6 Rxd2+ 22. Rxd2 Bxf3+ 23. gxf3 Bxf6 24. Ne4 Be7 25. h3 Rd8 26. Rxd8+ Bxd8
27. Nc5 Qc8 28. Nd3 a5 29. Kd2 a4 30. Bc2 Ba5+ 31. Kd1 a3 {White resigns} 0-1

[Event "Team 45 45 League T91"]
[Site "Internet Chess Club"]
[Date "2022.02.09"]
[Round "5"]
[White "burlap"]
[Black "Balderdash"]
[Result "1-0"]
[WhiteElo "1215"]
[BlackElo "1233"]
[Opening "Queen's pawn, Mason variation"]
[ECO "D00"]
[Time "16:30:25"]
[PlyCount "111"]
[TimeControl "2700+45"]

1. d4 d5 2. Bf4 Na6 3. e3 Nb4 4. c3 Nc6 5. Bd3 Nf6 6. h3 h6 7. Nd2 g5 8. Bh2 Be6
9. Ngf3 Qd7 10. Ne5 Nxe5 11. dxe5 Ne4 12. Nxe4 dxe4 13. Bxe4 O-O-O 14. Qxd7+
Rxd7 15. b3 f5 16. exf6 exf6 17. Rd1 Bd6 18. Bxd6 cxd6 19. O-O f5 20. Bc2 h5 21.
Rd2 h4 22. f4 g4 23. hxg4 fxg4 24. f5 Bf7 25. f6 h3 26. gxh3 Rxh3 27. Bf5 Rg3+
28. Kf2 Rf3+ 29. Ke2 Rxf5 30. Rxf5 Be6 31. Rg5 Kd8 32. Rg7 Bf7 33. Rd4 Bh5 34.
Rxd7+ Kxd7 35. Kf2 Ke6 36. Rf4 Bf7 37. Kg3 Bh5 38. Kh4 Bf7 39. Kxg4 Ke5 40. Kg5
Kd5 41. Rd4+ Kc6 42. Kh6 d5 43. Kg7 Bh5 44. f7 Bxf7 45. Kxf7 b5 46. c4 dxc4 47.
bxc4 b4 48. e4 a5 49. e5 a4 50. e6 Kc5 51. Rd8 Kxc4 52. e7 Kc3 53. e8=Q a3 54.
Qc6+ Kb2 55. Rd2+ Kb1 56. Qh1# {Black checkmated} 1-0